[Event "Reykjavik Open"]
[Site "Reykjavik, Iceland"]
[Date "????.??.??"]
[Round "2.16"]
[White "Djukic, Nikola"]
[Black "Jacobsen, Mikkel Manosri"]
[Result "0-1"]
[WhiteElo "2566"]
[BlackElo "2302"]
[PlyCount "33"]
[TimeControl "6000+605"]
[WhiteClock "1:32:56"]
[BlackClock "1:18:15"]

1. e4 e5 2. Nf3 Nc6 3. Bb5 a6 4. Ba4 Nf6 5. O-O Be7 6. Re1 b5 7. Bb3 d6 8. c3 O-O 9. h3 Na5 10. Bc2 c5 11. d4 Nd7 12. a4 Rb8 13.
axb5 axb5 14. b3 exd4 15. cxd4 Nc6 16. Nc3 Bf6 17. Be3 0-1